 Dungeon Crawl Stone Soup version 0.26.1-11-gd32895ea62 (webtiles) character file.

Game seed: 12877287471614441772

650 nothank2 the Gusty (level 7, -9/46 HPs)
             Began as a Demonspawn Air Elementalist on June 24, 2021.
             Mangled by a centaur
             ... wielding a +0 mace
              (12 damage)
             ... on level 5 of the Dungeon.
             The game lasted 00:22:06 (7753 turns).

nothank2 the Gusty (Demonspawn Air Elementalist)    Turns: 7753, Time: 00:22:07

Health: -9/46      AC:  3    Str:  8      XL:     7   Next: 28%
Magic:  0/10       EV: 12    Int: 18      God:
Gold:   198        SH:  5    Dex: 15 (20) Spells: 3/10 levels left

rFire    . . .     SeeInvis .   (no weapon)
rCold    . . .     Faith    .   (no shield)
rNeg     . . .     Spirit   +   a - +1 robe
rPois    .         Reflect  +   (helmet restricted)
rElec    .         Harm     .   (no cloak)
rCorr    .         Rampage  .   (no gloves)
Will     .....                  (no boots)
Stlth    ++........             t - amulet of reflection
HPRegen  0.15/turn              h - +6 ring of dexterity
MPRegen  0.12/turn              (no ring)

@: no status effects
A: antennae 1, claws 2, magic shield
a: no special abilities


You were on level 5 of the Dungeon.
You visited 1 branch of the dungeon, and saw 5 of its levels.

You collected 198 gold pieces.

Inventory:

Hand Weapons
 d - a +0 whip
Missiles
 c - 12 poisoned darts
Armour
 a - a +1 robe (worn)
Jewellery
 h - a +6 ring of dexterity (left claw)
 i - an uncursed amulet of the acrobat
 t - an amulet of reflection (around neck)
Scrolls
 e - 5 scrolls of enchant armour
 g - 2 scrolls of fog
 l - 2 scrolls of teleportation
 m - 2 scrolls of identify
 n - a scroll of magic mapping
 p - 3 scrolls of remove curse
Potions
 b - a potion of mutation {unknown}
 f - a potion of attraction {unknown}
 j - a potion of curing {unknown}
 k - a potion of berserk rage
 o - a potion of haste
 r - a potion of ambrosia {unknown}
 s - a potion of invisibility {unknown}


   Skills:
 - Level 0.6 Maces & Flails
 - Level 1.7 Dodging
 - Level 1.7 Stealth
 - Level 2.0 Spellcasting
 + Level 5.1 Conjurations
 + Level 6.0 Air Magic


You had 3 spell levels left.
You knew the following spells:

 Your Spells              Type           Power        Failure   Level
a - Shock                 Conj/Air       88%          1%          1
b - Static Discharge      Conj/Air       22%          5%          3
c - Mephitic Cloud        Conj/Pois/Air  15%          12%         3

Your spell library contained the following spells:

 Spells                   Type           Power        Failure   Level
 Magic Dart               Conj           80%          2%          1
 Swiftness                Air            23%          2%          2
 Conjure Flame            Conj/Fire      11%          19%         3
 Blink                    Tloc           N/A          26%         2
 Call Imp                 Summ           1%           26%         2
 Slow                     Hex            1%           26%         2
 Airstrike                Air            11%          16%         4
 Lightning Bolt           Conj/Air       11%          45%         5


Dungeon Overview and Level Annotations

Branches:
Dungeon (5/15)
 Temple: D:4-7

Altars:
Ashenzari
Cheibriados
Uskayaw
Wu Jian
Yredelemnul
Zin
The Shining One


Innate Abilities, Weirdness & Mutations

You have a pair of small antennae on your head.
You have very sharp fingernails.
When hurt, damage is shared between your health and your magic reserves.


Message History

The centaur is moderately wounded.
The centaur shoots an arrow.
The arrow hits you!
The centaur unwields a +0 shortbow.
The centaur wields a +0 mace.
The centaur drinks a potion.
The centaur goes berserk!
The centaur rages.
You scratch the centaur but do no damage.
The centaur is moderately wounded.
The centaur hits you with a +0 mace!!
* * * LOW HITPOINT WARNING * * *
The centaur closely misses you.
Casting: Shock (safe; 1% risk of failure)
Confirm with . or Enter, or press ? or * to list all spells.
You don't have enough magic to cast that spell.
Aiming: Shock (safe; 1% risk of failure)
Press: ? - help, Q - select action, (/) - cycle Shift-Dir - straight line, f/p - centaur
Aim: a centaur, wielding a +0 mace, wearing a +0 robe and quivering 16 arrows (moderately wounded, berserk, 16% to evade)
The zap hits the centaur but does no damage.
The centaur is moderately wounded.
The centaur hits you with a +0 mace!
You die...

......
#....###########
#....#.....$..#
##...#........#
...#.........>...#
_.......#........#
....#..##.......)#
Z. #... #c.......#
##.. #@.......# #..
#........# ...
#(.......# ....
#####'########
##########'#......#
...........####.#
...........# #.#
...........# #.#
...........####.####


You could see a centaur (berserk).

Vanquished Creatures
  An ogre (D:4)
  A phantom (D:5)
  3 howler monkeys
  A quasit (D:5)
  2 bullfrog skeletons
  2 worker ants (D:4)
  12 adders
  An ooze (D:3)
  2 worms (D:3)
  4 dart slugs
  2 leopard geckos
  13 orcs
  5 bats
  3 giant cockroaches
  6 goblins
  9 hobgoblins
  7 jackals
  2 quokkas
  6 ball pythons
  A ball python skeleton (D:4)
  5 frilled lizards
  2 goblin skeletons (D:5)
  A goblin zombie (D:5)
  A hobgoblin zombie (D:5)
  2 kobolds
  A kobold skeleton (D:5)
  An orc skeleton (D:5)
  An orc zombie (D:5)
  4 rats
  A spectral orc (D:2)
102 creatures vanquished.

Vanquished Creatures (others)
  6 plants (D:4)
6 creatures vanquished.

Grand Total: 108 creatures vanquished

Notes
Turn   | Place    | Note
-------+----------+-------------------------------------------
     0 | D:1      | nothank2 the Demonspawn Air Elementalist began the quest
                  | for the Orb.
     0 | D:1      | Reached XP level 1. HP: 13/13 MP: 3/3
   483 | D:1      | Reached skill level 3 in Air Magic
   614 | D:1      | Gained mutation: When hurt, damage is shared between your
                  | health and your magic reserves. [demonic ancestry]
   614 | D:1      | Reached XP level 2. HP: 14/19 MP: 0/5
  1765 | D:2      | Reached XP level 3. HP: 22/24 MP: 0/6
  2813 | D:2      | Found a basalt altar of Yredelemnul.
  3269 | D:2      | Reached skill level 4 in Air Magic
  3269 | D:2      | Reached XP level 4. HP: 30/30 MP: 0/7
  3337 | D:2      | Learned a level 3 spell: Static Discharge
  4381 | D:3      | Found a snail-covered altar of Cheibriados.
  4545 | D:3      | Found a glowing silver altar of Zin.
  4660 | D:3      | Gained mutation: You have a pair of small antennae on your
                  | head. [demonic ancestry]
  4660 | D:3      | Reached XP level 5. HP: 32/35 MP: 3/8
  5568 | D:4      | Found a broken altar of Ashenzari.
  5708 | D:4      | Reached skill level 5 in Air Magic
  5848 | D:4      | Noticed an ogre
  5854 | D:4      | Killed an ogre
  5855 | D:4      | Gained mutation: You have sharp fingernails. [demonic
                  | ancestry]
  5855 | D:4      | Reached XP level 6. HP: 41/41 MP: 2/9
  5859 | D:4      | Learned a level 3 spell: Mephitic Cloud
  6193 | D:4      | Found an ornate altar of the Wu Jian Council.
  6622 | D:4      | Noticed a +0 hand axe
  6623 | D:4      | Noticed a +0 hand axe
  6626 | D:4      | Found a hide-covered altar of Uskayaw.
  6954 | D:5      | Entered Level 5 of the Dungeon
  7054 | D:5      | Gained mutation: You have very sharp fingernails. [demonic
                  | ancestry]
  7054 | D:5      | Reached XP level 7. HP: 21/46 MP: 2/10
  7545 | D:5      | Reached skill level 5 in Conjurations
  7545 | D:5      | Reached skill level 6 in Air Magic
  7656 | D:5      | Found a glowing golden altar of the Shining One.
  7753 | D:5      | Mangled by a centaur

Illustrated notes

Levels and vault maps discovered:
D:1:      sevenhm_arrival_forest_fort_small_3, layout_basic
D:2:      layout_basic, yredelemnul_forgotten_temple_becter,
          minmay_misc_feat_doors, st_stairs_7
D:3:      layout_loops_corners, cheibriados_altar_1,
          nicolae_overflow_crystal_walls, minmay_snake_closets
D:4:      layout_loops_cross, dancing_weapons_uskayaw,
          cheibrodos_ashenzari_chains, pdpol_wu_jian_five_deadly_venoms,
          serial_forest, infiniplex_forest_lined_4_way,
          infiniplex_forest_lined_3, infiniplex_forest_fountain,
          infiniplex_forest_lined_room_2, infiniplex_forest_lined_2,
          infiniplex_forest_end_2, infiniplex_forest_clump_small,
          infiniplex_forest_lined_3_way, infiniplex_forest_clump_curved,
          infiniplex_forest_diagonal
D:5:      layout_basic, nicolae_tso_besieged_by_evil, uniq_prince_ribbit1

Skill      XL: |  1  2  3  4  5  6  7 |
---------------+----------------------+-----
Air Magic      | 3 4 5 6 |  6.0
Conjurations   | 2 4 5 |  5.1
Maces & Flails | |  0.6
Dodging        | |  1.7
Stealth        | |  1.7
Spellcasting   | |  2.0

Action                   |  1- 3 |  4- 6 |  7- 9 || total
-------------------------+-------+-------+-------++-------
Melee: Mace              |    58 |    21 |       ||    79
       Whip              |       |    21 |       ||    21
       Unarmed           |       |       |    29 ||    29
Throw: Dart              |     5 |       |       ||     5
 Cast: Shock             |   104 |   135 |    47 ||   286
       Static Discharge  |       |     7 |     1 ||     8
  Use: Scroll            |     6 |     1 |     1 ||     8
Armor: Robe              |    57 |    13 |    25 ||    95
Dodge: Dodged            |    99 |    37 |    50 ||   186
Block: Other             |       |     4 |    22 ||    26
       Reflection        |       |       |     1 ||     1
